 Dungeon Crawl Stone Soup version 0.27-a0-1184-ge86db4a01e (webtiles) character file.

Game seed: 8574335184010173260

44 Hasart the Chiller (level 3, 0/19 HPs)
             Began as a Kobold Ice Elementalist on May 18, 2021.
             Succumbed to a scorpion's poison
             ... on level 2 of the Dungeon.
             The game lasted 00:04:09 (1928 turns).

Hasart the Chiller (Kobold Ice Elementalist)        Turns: 1928, Time: 00:04:09

Health: 0/19       AC:  3    Str:  5    XL:     3   Next: 87%
Magic:  2/7        EV: 15    Int: 17    God:
Gold:   52         SH:  0    Dex: 15    Spells: 6/7 levels left

rFire    . . .     SeeInvis .   b - +0 short sword
rCold    . . .     Faith    .   (shield restricted)
rNeg     . . .     Spirit   .   a - +0 robe
rPois    .         Reflect  .   c - +1 hat
rElec    .         Harm     .   (no cloak)
rCorr    .         Rampage  .   (no gloves)
Will     .....                  (no boots)
Stlth    +++.......             (no amulet)
HPRegen  0.06/turn              (no ring)
MPRegen  0.10/turn              (no ring)

@: brilliant, lethally poisoned (0 -> -7)
A: small, no large weapons, nightstalker 3
a: no special abilities


You were on level 2 of the Dungeon.
You visited 1 branch of the dungeon, and saw 2 of its levels.

You collected 52 gold pieces.

Inventory:

Hand Weapons
 b - a +0 short sword (weapon)
Armour
 a - a +0 robe (worn)
 c - a +1 hat (worn)
Wands
 f - a wand of iceblast (10)
Scrolls
 d - a scroll of identify {unknown}
 g - a scroll of teleportation {unknown}
 j - a scroll of amnesia {unknown}
 k - a scroll of brand weapon {unknown}
Potions
 h - a potion of might {unknown}
 i - a potion of flight {unknown}


   Skills:
 - Level 2.4 Dodging
 + Level 3.6 Stealth
 + Level 2.7 Spellcasting
 * Level 4.6 Ice Magic


You had 6 spell levels left.
You knew the following spells:

 Your Spells              Type           Power      Damage    Failure   Level
a - Freeze                Ice            100%       1d11      2%          1

Your spell library contained the following spells:

 Spells                   Type           Power      Damage    Failure   Level
 Frozen Ramparts          Ice            54%        1d7       8%          3
 Ozocubu's Armour         Ice            27%        N/A       8%          3
 Animate Skeleton         Necr           6%         N/A       19%         1
 Apportation              Tloc           6%         N/A       19%         1
 Corona                   Hex            3%         N/A       19%         1
 Summon Small Mammal      Summ           12%        N/A       19%         1
 Hailstorm                Conj/Ice       15%        3d5       56%         4
 Metabolic Englaciation   Hex/Ice        7%         N/A       88%         5


Dungeon Overview and Level Annotations

Branches:
Dungeon (2/15)

Altars:


Innate Abilities, Weirdness & Mutations

You are small and have problems with some larger weapons.
You are completely attuned to the shadows.


Message History

Press: ? - help, Shift-Dir - straight line, f/p - scorpion
Aim: a scorpion (heavily wounded)
You freeze the scorpion.
The scorpion is heavily wounded.
You feel sick. The scorpion stings you.
You are lethally poisoned!
The scorpion poisons you!
Casting: Freeze (safe; 2% risk of failure)
Confirm with . or Enter, or press ? or * to list all spells.
Aiming: Freeze (safe; 2% risk of failure)
Press: ? - help, Shift-Dir - straight line, f/p - scorpion
Aim: a scorpion (heavily wounded)
You freeze the scorpion.
The scorpion is severely wounded.
You feel very sick. The scorpion completely misses you.
Casting: Freeze (safe; 2% risk of failure)
Confirm with . or Enter, or press ? or * to list all spells.
Aiming: Freeze (safe; 2% risk of failure)
Press: ? - help, Shift-Dir - straight line, f/p - scorpion
Aim: a scorpion (severely wounded)
You freeze the scorpion.
The scorpion is almost dead.
* * * LOW HITPOINT WARNING * * *
You feel very sick. The scorpion barely misses you.
Unknown command.
Casting: Freeze (safe; 2% risk of failure)
Confirm with . or Enter, or press ? or * to list all spells.
Aiming: Freeze (safe; 2% risk of failure)
Press: ? - help, Shift-Dir - straight line, f/p - scorpion
Aim: a scorpion (almost dead)
You freeze the scorpion.
The scorpion is almost dead.
* * * LOW HITPOINT WARNING * * *
You feel sick. The scorpion completely misses you.
Unknown command.
It was a potion of brilliance.
You feel clever all of a sudden.
You die...

#### ## .. ..#.#r#
#. #..#s## #.# #.#
#. #..#@# ####.# #.#
#. ##..####....###.#
#.
##..#...#......#####
##..).###†.......)#
##..##..#..#######..
#.†####...## ###
#..#†# ##### #..# ##
..#


You could see a scorpion.

Vanquished Creatures
  An adder (D:2)
  6 ball pythons
  3 endoplasms (D:2)
  A giant cockroach (D:1)
  2 goblins (D:1)
  4 hobgoblins (D:1)
  3 jackals (D:1)
  5 kobolds
  3 quokkas
  A bat (D:1)
  A rat (D:1)
30 creatures vanquished.

Notes
Turn   | Place    | Note
-------+----------+-------------------------------------------
     0 | D:1      | Hasart the Kobold Ice Elementalist began the quest for the
                  | Orb.
     0 | D:1      | Reached XP level 1. HP: 10/10 MP: 3/3
   220 | D:1      | Reached XP level 2. HP: 8/15 MP: 3/5
   853 | D:1      | Reached XP level 3. HP: 15/19 MP: 4/6
  1919 | D:2      | Noticed a scorpion
  1928 | D:2      | Succumbed to a scorpion's poison

Illustrated notes

Levels and vault maps discovered:
D:1:      onia_arrival_mini_maze_b, layout_basic, minivault_11,
          serial_park_tiny_2, minivault_24
D:2:      minmay_diamond_boxcup, layout_loops_ring, uniq_terence

Skill      XL: |  1 |
---------------+----+-----
Stealth        | 3 |  3.6
Dodging        | |  2.4
Spellcasting   | |  2.7
Ice Magic      | |  4.6

Action                   || total
-------------------------++-------
Melee: Short sword       ||    28
       Unarmed           ||     1
 Cast: Freeze            ||    38
  Use: Potion            ||     1
 Stab: Sleeping          ||     7
Armor: Robe              ||    10
Dodge: Dodged            ||    51

Table legend: (Time is in decaauts)
 A = Elapsed time spent in this place.
 B = Non-inter-level travel time spent in this place.
 C = Inter-level travel time spent in this place.
 D = Time resting spent in this place.
 E = Time spent auto-exploring this place.
 F = Levels seen in this place.
 G = Mean time per level.
                   A        B        C        D        E       F      G
               +--------+--------+--------+--------+--------+-----+--------+
         Total |   1930 |   1885 |     45 |      0 |   1670 |   2 |  965.0 |
       Dungeon |   1930 |   1885 |     45 |      0 |   1670 |   2 |  965.0 |
               +--------+--------+--------+--------+--------+-----+--------+

Top non-repeatable levels by time:
     D:1: 1377 daAuts
     D:2: 552 daAuts
